Construct Section Command Post
Selects Heavy Armor Battlegroup
Selects Engineer Detachments
Construct Field Infirmary
Construct Platoon Command Post
6-pounder Anti-tank Gun Team
Unlock M3 Stuart Light Tanks
6-pounder Anti-tank Gun Team
6-pounder Anti-tank Gun Team
Selects Crusader AA Medium Tank
Selects Churchill IV Heavy Tank
Unlock Bishop Self-propelled Artillery
Selects Light Vehicle Withdraw and Refit
Bishop Self-propelled Artillery
Bishop Self-propelled Artillery
Construct Company Command Post
Unlock Towed 17-pounder Anti-tank Guns